 Dungeon Crawl Stone Soup version 0.27.1-33-g824d729ab1 (webtiles) character file.

Game seed: 560952059943893742

72540 Urokeeper the Bewitcher (level 15, -3/103 (118) HPs)
             Began as a Vampire Enchanter on Dec 21, 2021.
             Was a Follower of Uskayaw.
             Slain by a black mamba (4 damage)
             ... on level 1 of the Snake Pit.
             The game lasted 02:16:58 (27881 turns).

Urokeeper the Bewitcher (Vampire Enchanter)        Turns: 27881, Time: 02:16:59

HP:   -3/103 (118)  AC:  7    Str:  5 (7)  XL:     15   Next: 1%
MP:   33/34         EV: 16    Int: 18 (19) God:    Uskayaw [*.....]
Gold: 1885          SH:  0    Dex: 15 (16) Spells: 9/28 levels left

rFire    x . .     SeeInvis +   h - +2 quick blade of Sequestration {vorpal, rPois Will+ Dex-4}
rCold    + . .     Faith    .   (no shield)
rNeg     . . .     Spirit   .   q - +0 troll leather armour
rPois    +         Reflect  .   (no helmet)
rElec    .         Harm     .   C - +0 cloak
rCorr    .         Rampage  .   v - +0 pair of gloves
Will     ++...                  l - +0 pair of boots
Stlth    ++++++....             R - amulet of regeneration
HPRegen  2.47/turn              m - ring of ice
MPRegen  0.24/turn              I - ring of magical power

@: mighty, confusing by touch, healing quickly, hasted, heavily drained, very
quick
A: alive, fangs 3, see invisible, vampiric 2
a: Exsanguinate, Renounce Religion, Stomp


You were on level 1 of the Snake Pit.
You worshipped Uskayaw.
Uskayaw was aware of your devotion.
You visited 4 branches of the dungeon, and saw 21 of its levels.

You collected 1885 gold pieces.

Inventory:

Hand Weapons
 h - the +2 quick blade of Sequestration (weapon) {vorpal, rPois Will+ Dex-4}
   (You acquired it on level 8 of the Dungeon)

   It inflicts extra damage upon your enemies.
   Dex:       It affects your dexterity (-4).
   rPois:     It protects you from poison.
   Will:      It increases your willpower.
 s - a +4 vampiric scimitar
 F - a +0 rapier
Missiles
 f - 7 atropa-tipped darts
 r - 73 poisoned darts
 A - 9 curare-tipped darts
Armour
 l - a +0 pair of boots (worn)
 q - a +0 troll leather armour (worn)
 v - a +0 pair of gloves (worn)
 z - the +1 leather armour of Lootzun {rF+ rC- Will+ Str+3}
   (You found it on level 2 of the Lair of Beasts)

   Str:       It affects your strength (+3).
   rF:        It protects you from fire.
   rC:        It makes you vulnerable to cold.
   Will:      It increases your willpower.
 C - a +0 cloak (worn)
Jewellery
 j - a ring of wizardry
 m - a ring of ice (left hand)
 D - a ring of fire
 I - a ring of magical power (right hand)
 M - an amulet of faith
 R - an amulet of regeneration (around neck)
 T - a ring of fire
Wands
 d - a wand of charming (3)
 y - a wand of flame (13)
 E - a wand of acid (20)
 G - a wand of paralysis (13)
 L - a wand of digging (6)
 V - a wand of iceblast (20) (quivered)
 Z - a wand of polymorph (31)
Scrolls
 g - 3 scrolls of enchant armour {unknown}
 i - 4 scrolls of immolation
 n - a scroll of vulnerability
 u - 2 scrolls of torment
 w - 5 scrolls of magic mapping
 K - 2 scrolls of amnesia
 P - a scroll of teleportation
 S - a scroll of fear {unknown}
 X - a scroll of blinking
 Y - a scroll of fog
Potions
 a - a potion of ambrosia {unknown}
 b - a potion of haste
 c - a potion of attraction
 e - 3 potions of flight
 k - 2 potions of brilliance
 o - 4 potions of lignification
 p - a potion of might
 H - a potion of mutation
 Q - 2 potions of degeneration
Miscellaneous
 B - a condenser vane
 U - a phantom mirror


   Skills:
 + Level 11.1 Fighting
 - Level 12.0 Short Blades
 - Level 10.5 Dodging
 - Level 15.0 Stealth
 - Level 7.1 Spellcasting
 - Level 16.5 Hexes
 - Level 9.0 Invocations


You had 9 spell levels left.
You knew the following spells:

 Your Spells              Type           Power      Damage    Failure   Level
a - Corona                Hex            66%        N/A       1%          1
b - Tukima's Dance        Hex            60%        N/A       1%          3
c - Confusing Touch       Hex            60%        N/A       1%          3
d - Silence               Hex/Air        18%        N/A       17%         5
e - Blink                 Tloc           N/A        N/A       26%         2
f - Yara's Violent Unrav  Hex/Tmut       18%        3d9       17%         5

Your spell library contained the following spells:

 Spells                   Type           Power      Damage    Failure   Level
 Ensorcelled Hibernation  Hex/Ice        100%       N/A       1%          2
 Slow                     Hex            60%        N/A       1%          2
 Dazzling Flash           Conj/Hex       72%        N/A       1%          3
 Fulminant Prism          Conj/Hex       18%        3d11      6%          4
 Pain                     Necr           24%        1d5       19%         1
 Corpse Rot               Necr/Air       N/A        N/A       26%         2
 Poisonous Vapours        Pois/Air       12%        N/A       26%         2
 Lesser Beckoning         Tloc           3%         N/A       47%         3
 Iskenderun's Mystic Bla  Conj/Tloc      6%         2d4       87%         4
 Agony                    Necr           6%         N/A       99%         5
 Excruciating Wounds      Necr           3%         N/A       99%         5
 Freezing Cloud           Conj/Ice/Air   4%         6-21      99%         5
 Lee's Rapid Deconstruct  Erth           3%         3d6*      99%         5
 Manifold Assault         Tloc           6%         N/A       99%         5
 Simulacrum               Ice/Necr       4%         N/A       100%        6
 Polar Vortex             Ice            4%         N/A       100%        9


Dungeon Overview and Level Annotations

Branches:
Dungeon (12/15)            Temple (0/1) D:4            Lair (6/6) D:9
 Shoals (0/4) Lair:2        Snake (1/4) Lair:4        Slime (0/5) Lair:5
    Orc (2/2) D:12            Elf (0/3) Orc:2

Altars:
Ashenzari
Gozag
Nemelex Xobeh
Okawaru
Sif Muna
Uskayaw
Xom
Beogh
Jiyva

Shops:
D:1 [   D:12 (   Orc:1 (   Orc:2 !:*(

Portals:
Pandemonium: Orc:2

Annotations:
D:3 3 runed translucent doors, Violens's ghost, amateur MiFi
Snake:1 Aizul


Innate Abilities, Weirdness & Mutations

Your natural rate of healing is accelerated.
You have razor-sharp teeth.
You have supernaturally acute eyesight. (SInv)
You are afflicted with vampirism and can become a bat while bloodless.


Message History

The black mamba bites you but does no damage.
Aizul coils herself and waves her upper body at you.
The bolt of poison misses you.
You feel yourself speed up. The black mamba bites you.
Aizul closely misses you. The black mamba closely misses you.
You hit Aizul but do no damage.
Aizul is severely wounded.
Aizul hits you.
You hit Aizul but do no damage.
Aizul is severely wounded.
The black mamba closely misses you.
You hit Aizul but do no damage.
Aizul is severely wounded.
Aizul hits you!
* * * LOW HITPOINT WARNING * * *
You hit Aizul but do no damage.
Aizul is severely wounded.
The black mamba misses you.
You miss Aizul.
Aizul is severely wounded.
You hit Aizul but do no damage.
Aizul is severely wounded.
Aizul casts a spell at you. The bolt of poison hits you.
You are poisoned.
You resist.
* * * LOW HITPOINT WARNING * * *
You feel better. The black mamba bites you!
* * * LOW HITPOINT WARNING * * *
It was a potion of degeneration.
There was something very wrong with that liquid.
You feel weakened.
You feel dopey.
You feel clumsy. The black mamba bites you!
* * * LOW HITPOINT WARNING * * *
Aizul hits you!!
* * * LOW HITPOINT WARNING * * *
You miss Aizul.
Aizul is severely wounded.
The black mamba bites you.
You die...

. #..#...$......
#..#.....#+++##++##
#.................##
+...((.....?.......##
#.....P.............#
#....[.P.........!..+
###.......?.........#
#....N......S.....#
#++#..#....@......#
........S....###
.?...........+
..............#
............#
...........##
....#....$##
...###...##


You could see Aizul, a black mamba and a naga (asleep).

Vanquished Creatures
  Gastronok (Lair:1)
  Snorg (D:10)
  A boulder beetle (D:12)
  Harold (D:7)
  An ice dragon (Lair:4)
  An ogre mage (D:12)
  5 hydras
  3 death yaks
  6 two-headed ogres
  3 orc high priests (Orc:2)
  Nergalle (Lair:1)
  A goliath frog (Lair:6)
  A lindwurm (Lair:6)
  6 orc knights
  An ugly thing (D:12)
  3 cyclopes
  8 orc sorcerers (Orc:2)
  4 elephants (Lair:5)
  A manticore (D:11)
  6 black mambas
  2 smoke demons (Orc:2)
  3 gargoyles
  22 cane toads
  7 kobold demonologists
  6 komodo dragons
  6 rime drakes
  A red devil (Orc:2)
  A hellwing (Orc:2)
  A polar bear (Lair:6)
  A hornet (D:9)
  3 trolls
  3 tyrant leeches (Lair:6)
  A dancing weapon (Orc:2)
  19 blink frogs
  14 dream sheep
  A snapping turtle (Lair:2)
  2 shadows
  4 wyverns
  4 basilisks
  2 wraiths
  9 vampire mosquitoes
  41 yaks
  A steam dragon (D:9)
  4 wargs
  Menkaure (D:7)
  21 water moccasins
  2 acid dragons
  27 orc warriors
  A sky beast (D:6)
  A black bear (D:8)
  A hornet zombie (D:7)
  4 ogres
  15 wolves
  A necrophage (D:5)
  4 centaurs (D:12)
  A phantom (D:6)
  6 kobold brigands
  16 bullfrogs
  3 gnoll sergeants
  5 scorpions
  A water moccasin skeleton (D:5)
  5 killer bees (D:7)
  2 electric eels
  A howler monkey (D:5)
  A lava snake (Lair:6)
  A bullfrog zombie (D:5)
  2 centaur zombies
  A jelly (D:8)
  6 hounds
  23 orc priests
  4 iguanas
  17 orc wizards
  Ijyb (D:4)
  7 hell rats (Lair:6)
  2 howler monkey zombies
  2 adders (D:6)
  15 gnolls
  2 white imps
  6 ufetubi
  An adder skeleton (D:4)
  A worm (D:5)
  A dart slug (D:4)
  62 orcs
  8 bats
  6 endoplasms
  7 giant cockroaches
  4 goblins
  5 hobgoblins
  4 jackals (D:3)
  3 quokkas
  10 ball pythons
  4 frilled lizards
  14 kobolds
  2 rats
553 creatures vanquished.

Vanquished Creatures (collateral kills)
  A hydra (D:12)
  Erolcha (D:10)
  3 two-headed ogres
  An orc knight (D:12)
  An orc sorcerer (Orc:2)
  A kobold demonologist (D:10)
  A troll (Orc:2)
  2 orc warriors
  An ogre (Orc:2)
  2 centaurs
  A kobold brigand (D:10)
  A gnoll sergeant (Orc:2)
  2 orc priests
  3 gnolls
  13 orcs
  5 kobolds (D:10)
39 creatures vanquished.

Vanquished Creatures (others)
  5 dancing weapons
  An orc warrior (Orc:2)
  57 fungi
  115 plants
178 creatures vanquished.

Grand Total: 770 creatures vanquished

Notes
Turn   | Place    | Note
-------+----------+-------------------------------------------
     0 | D:1      | Urokeeper the Vampire Enchanter began the quest for the
                  | Orb.
     0 | D:1      | Reached XP level 1. HP: 13/13 MP: 3/3
   139 | D:1      | Found a faded altar of an unknown god.
   323 | D:1      | Reached XP level 2. HP: 19/19 MP: 5/5
   849 | D:1      | Found Quontou's Armour Boutique.
  1029 | D:2      | Gained mutation: You are afflicted with vampirism and can
                  | become a bat while bloodless. [Vampire growth]
  1029 | D:2      | Reached XP level 3. HP: 24/24 MP: 3/6
  1073 | D:2      | Learned a level 3 spell: Tukima's Dance
  1279 | D:2      | HP: 1/24 [worm (10)]
  1398 | D:2      | Found a shimmering altar of Xom.
  2101 | D:3      | Noticed an ogre
  2245 | D:3      | Noticed Violens's ghost (amateur MiFi)
  2369 | D:3      | Found a runed translucent gate.
  2369 | D:3      | Found a runed translucent gate.
  2418 | D:3      | Found a runed translucent gate.
  2739 | D:3      | Found a hide-covered altar of Uskayaw.
  2741 | D:3      | Noticed a +0 dagger
  2741 | D:3      | Noticed a +0 dagger
  2824 | D:3      | Became a worshipper of Uskayaw the Reveller
  2926 | D:4      | Reached * piety under Uskayaw
  2938 | D:4      | HP: 1/24 [orc priest/divine providence (10)]
  3034 | D:3      | Reached ** piety under Uskayaw
  3036 | D:3      | Reached XP level 4. HP: 30/30 MP: 7/7
  3172 | D:3      | Reached skill level 5 in Hexes
  3177 | D:3      | Learned a level 3 spell: Confusing Touch
  3323 | D:4      | Noticed Ijyb
  3331 | D:4      | Killed Ijyb
  3332 | D:4      | Reached skill level 6 in Hexes
  3332 | D:4      | Reached XP level 5. HP: 23/35 MP: 8/8
  3338 | D:4      | Reached *** piety under Uskayaw
  3517 | D:4      | Reached skill level 7 in Hexes
  3824 | D:4      | Found a shimmering blue altar of Sif Muna.
  3888 | D:4      | Found a staircase to the Ecumenical Temple.
  4028 | D:4      | Found an opulent altar of Gozag.
  4088 | D:5      | Entered Level 5 of the Dungeon
  4292 | D:5      | Noticed a necrophage
  4316 | D:5      | Killed a necrophage
  4317 | D:5      | Reached skill level 5 in Short Blades
  4317 | D:5      | Reached XP level 6. HP: 27/41 MP: 4/9
  4702 | D:5      | Reached XP level 7. HP: 39/46 MP: 7/10
  6408 | D:6      | Reached XP level 8. HP: 52/52 MP: 11/11
  6552 | D:7      | Noticed Menkaure
  6569 | D:7      | Killed Menkaure
  6751 | D:7      | Noticed Harold
  6859 | D:7      | Reached skill level 10 in Short Blades
  6966 | D:7      | Killed Harold
  7143 | D:7      | Reached XP level 9. HP: 57/57 MP: 12/12
  7409 | D:7      | Reached skill level 1 in Fighting
  7499 | D:7      | Reached **** piety under Uskayaw
  7781 | D:8      | Reached skill level 5 in Fighting
  7929 | D:8      | Found a broken altar of Ashenzari.
  7980 | D:8      | Identified a scroll of acquirement
  8075 | D:8      | Found a sparkling altar of Nemelex Xobeh.
  9143 | D:9      | Reached XP level 10. HP: 43/79 MP: 13/13
  9282 | D:9      | Found a staircase to the Lair.
 10107 | D:9      | Acquired the +2 quick blade of Sequestration {vorpal, rPois
                  | Will+ Dex-4}
 10138 | D:10     | Entered Level 10 of the Dungeon
 10360 | D:10     | Reached skill level 5 in Dodging
 10403 | D:10     | Found an iron altar of Okawaru.
 10412 | D:10     | Noticed Erolcha
 10428 | D:10     | Killed Erolcha
 10598 | D:10     | Reached ***** piety under Uskayaw
 10715 | D:10     | Noticed Snorg
 10740 | D:10     | Killed Snorg
 10741 | D:10     | Reached XP level 11. HP: 87/87 MP: 14/14
 10861 | D:10     | Noticed a two-headed ogre
 10889 | D:10     | Killed a two-headed ogre
 11098 | D:10     | Reached skill level 10 in Dodging
 11236 | D:10     | Noticed a two-headed ogre
 11258 | D:10     | Killed a two-headed ogre
 11361 | D:10     | Learned a level 5 spell: Silence
 11504 | D:11     | Noticed a two-headed ogre
 11522 | D:11     | Reached skill level 8 in Hexes
 11524 | D:11     | Killed a two-headed ogre
 11530 | D:11     | Reached skill level 9 in Hexes
 11704 | D:11     | Reached skill level 10 in Hexes
 11815 | D:11     | Identified the +3 scale mail of Unambiguity {Rampage}
 11928 | D:11     | Noticed a two-headed ogre
 11944 | D:11     | Killed a two-headed ogre
 11945 | D:11     | Reached skill level 11 in Hexes
 12541 | D:12     | Found Goning's Weapon Shop.
 12541 | D:12     | Found a staircase to the Orcish Mines.
 12546 | D:12     | Noticed an orc knight
 12579 | D:12     | Killed an orc knight
 12580 | D:12     | Reached skill level 12 in Hexes
 12645 | D:12     | Noticed a seven-headed hydra
 12649 | D:12     | Killed a seven-headed hydra
 12653 | D:12     | Noticed a red ugly thing
 12683 | D:12     | Killed a red ugly thing
 12786 | D:12     | Reached skill level 13 in Hexes
 12984 | D:12     | Reached XP level 12. HP: 94/94 MP: 8/15
 13198 | D:12     | Noticed an ogre mage
 13207 | D:12     | Noticed a two-headed ogre
 13210 | D:12     | Noticed a two-headed ogre
 13213 | D:12     | Noticed a two-headed ogre
 13218 | D:12     | Noticed a two-headed ogre
 13222 | D:12     | Reached skill level 14 in Hexes
 13222 | D:12     | Killed an ogre mage
 13292 | D:12     | Noticed a boulder beetle
 13393 | D:12     | Killed a two-headed ogre
 13422 | D:12     | Killed a two-headed ogre
 13423 | D:12     | Reached skill level 15 in Hexes
 13461 | D:12     | Killed a two-headed ogre
 13558 | D:12     | Learned a level 2 spell: Blink
 13591 | D:12     | Noticed a two-headed ogre
 13603 | D:12     | Killed a two-headed ogre
 13919 | D:12     | Killed a boulder beetle
 13920 | D:12     | Reached skill level 16 in Hexes
 14489 | Lair:1   | Entered Level 1 of the Lair of Beasts
 14718 | Lair:1   | Noticed Nergalle
 14740 | Lair:1   | Killed Nergalle
 14804 | Lair:1   | Reached skill level 5 in Spellcasting
 15157 | Lair:1   | Noticed Gastronok
 15206 | Lair:1   | Killed Gastronok
 15376 | Lair:1   | Reached XP level 13. HP: 92/99 MP: 23/23
 15749 | Lair:2   | Reached skill level 5 in Stealth
 15883 | Lair:2   | Found a staircase to the Shoals.
 16156 | Lair:2   | Identified the +1 leather armour of Lootzun {rF+ rC- Will+
                  | Str+3}
 16742 | Lair:3   | You fall into a shaft and drop 1 floor!
 16742 | Lair:4   | Found a staircase to the Snake Pit.
 17311 | Lair:3   | Reached skill level 10 in Stealth
 17461 | Lair:3   | Identified the +3 ring mail of the Orb Guardian {rElec rF-
                  | rN+}
 19214 | Lair:5   | Learned a level 5 spell: Yara's Violent Unravelling
 19606 | Lair:5   | Found a viscous altar of Jiyva.
 19625 | Lair:5   | Found a staircase to the Slime Pits.
 20143 | Lair:6   | Entered Level 6 of the Lair of Beasts
 20280 | Lair:5   | Reached skill level 15 in Stealth
 20337 | Lair:5   | Reached skill level 1 in Invocations
 21038 | Lair:5   | Reached XP level 14. HP: 96/106 MP: 24/24
 21126 | Lair:6   | Identified the +9 quarterstaff of Floods {vorpal, rCorr}
 21189 | Lair:6   | Reached skill level 5 in Invocations
 23334 | Orc:1    | Entered Level 1 of the Orcish Mines
 24255 | Orc:1    | Found Rolod's Antique Weapon Emporium.
 24400 | Orc:2    | Entered Level 2 of the Orcish Mines
 24867 | Orc:2    | Found a staircase to the Elven Halls.
 25052 | Orc:2    | Found Wozobor's General Store.
 25407 | Orc:2    | Found Hykipt's Distillery.
 25849 | Orc:2    | Reached skill level 10 in Fighting
 25855 | Orc:2    | Reached ****** piety under Uskayaw
 26137 | Orc:2    | HP: 5/111 [orc high priest (5)]
 27162 | Orc:2    | Found Ruequ's Book Shoppe.
 27162 | Orc:2    | Found Nedang's Antique Weapon Emporium.
 27163 | Orc:2    | Found a one-way gate leading to the halls of Pandemonium.
 27167 | Orc:2    | Reached XP level 15. HP: 118/118 MP: 25/25
 27841 | Snake:1  | Entered Level 1 of the Snake Pit
 27851 | Snake:1  | Noticed Aizul
 27880 | Snake:1  | HP: 1/103 [Aizul (18)]
 27881 | Snake:1  | Slain by a black mamba

Illustrated notes

Levels and vault maps discovered:
D:1:      dpeg_arrival_chambers_temple_mockup, layout_basic,
          dreamdust_ecumenical_altar_statues, serial_shops, nicolae_diamond_shop
D:2:      layout_loops_cross, basic_altar
D:3:      layout_rooms, dancing_weapons_uskayaw, gammafunk_ghost_split
D:4:      layout_loops_ring, mainiacjoe_overflow_swirl,
          minmay_temple_entry_poolview, kennysheep_generic_room_11, uniq_ijyb
D:5:      layout_basic, hellmonk_bongcloud_opening
D:6:      layout_gridville, minmay_fractal_squares_gapless_5
D:7:      layout_loops_ring, kennysheep_nub, corexii_hall_statues_x,
          uniq_harold, uniq_menkaure
D:8:      layout_basic, nemelex_diamond_rough_becter,
          mainiacjoe_overflow_24_doors
D:9:      layout_grid_maze, erik_lair_island, ebering_dispersal_statue_hall
D:10:     layout_roguey, okawaru_ov_weapons_minmay, special_room
          [special_room_orc], grunt_ministairs_14, uniq_snorg, uniq_erolcha
D:11:     layout_irregular_city, hive_lemuel
D:12:     layout_stronghold, orc_david_3, statue_in_the_mist_lemuel,
          grunt_ministairs_5
Lair:1:   layout_chaotic_city, grunt_megastairs_4, uniq_nergalle, uniq_gastronok
Lair:2:   layout_loops_ring, minmay_shoals_entry_hut
Lair:3:   layout_chaotic_city, lemuel_old_faithful
Lair:4:   layout_big_grid, dummy_snake_entry, chequers_serial_rivers_micro_b,
          chequers_serial_rivers_small_a, minivault_19, bobbens_ice_dragon_lair,
          grunt_megastairs_5
Lair:5:   layout_loops_ring, slime_altar_1
Lair:6:   minmay_lair_end_frog_pond, layout_gridlike
Snake:1:  layout_gridlike, special_room, grunt_ministairs_8, lemuel_fruit_tree,
          uniq_aizul
Orc:1:    layout_caves, serial_shops, nicolae_shop_stone
Orc:2:    pf_orc_diabolical, layout_diamond_mine, nicolae_orc_lava_tube

Skill      XL: |  1  2  3  4  5  6  7  8  9 10 11 12 13 14 |
---------------+-------------------------------------------+-----
Short Blades   | 2 3 4 5 6 9 11 12 | 12.0
Hexes          | 6 7 13 16 | 16.5
Fighting       | 7 8 11 | 11.1
Dodging        | 8 10 | 10.5
Spellcasting   | 6 7 |  7.1
Stealth        | 15 | 15.0
Invocations    | 4 9 |  9.0

Action                   |  1- 3 |  4- 6 |  7- 9 | 10-12 | 13-15 || total
-------------------------+-------+-------+-------+-------+-------++-------
Melee: Dagger            |   323 |   184 |   334 |    97 |       ||   938
       Bite              |    24 |    17 |    35 |   115 |   159 ||   350
       Quick blade       |       |       |       |   837 |  1288 ||  2125
       Scimitar          |       |       |       |     5 |    40 ||    45
Throw: Throwing net      |       |       |       |     2 |       ||     2
       Dart              |       |       |       |    11 |       ||    11
 Cast: Corona            |    10 |       |       |     1 |     6 ||    17
       Tukima's Dance    |     2 |     2 |     6 |    30 |    23 ||    63
       Confusing Touch   |       |     9 |    44 |    86 |   217 ||   356
       Silence           |       |       |       |     2 |     3 ||     5
       Yara's Violent Un |       |       |       |       |    15 ||    15
       Blink             |       |       |       |       |    11 ||    11
Invok: Line Pass         |       |       |       |     2 |       ||     2
Evoke: Wand              |       |     7 |     3 |     8 |    16 ||    34
       Phantom mirror    |       |       |       |     1 |       ||     1
       Condenser vane    |       |       |       |       |     1 ||     1
  Use: Scroll            |       |       |    11 |     3 |    19 ||    33
       Potion            |       |       |     9 |       |    14 ||    23
 Stab: Sleeping          |     9 |     2 |     8 |     3 |    15 ||    37
       Paralysed         |       |     7 |     3 |    27 |    47 ||    84
       Confused          |       |    11 |    43 |   105 |   207 ||   366
       Distracted        |       |       |       |     3 |     3 ||     6
       Held in net/web   |       |       |       |     1 |       ||     1
Armor: Robe              |     4 |       |       |       |       ||     4
       Leather armour    |   101 |    41 |    46 |    27 |   137 ||   352
       Skin              |       |       |    25 |       |    17 ||    42
       Ring mail         |       |       |     4 |    55 |       ||    59
       Scale mail        |       |       |       |    11 |       ||    11
       Troll leather arm |       |       |       |       |    25 ||    25
Dodge: Dodged            |   194 |    96 |   115 |   245 |   604 ||  1254
       Rpst.: Scimitar   |       |       |       |       |    13 ||    13
